 Dungeon Crawl Stone Soup version 0.25.0-9-g26727b657a (webtiles) character file.

Game seed: 67029035056630939

36 Descartes the Grasshopper (level 3, -4/16 HPs)
             Began as a Felid Warper on June 19, 2020.
             Slain by a worker ant (7 damage)
             ... on level 1 of the Dungeon.
             The game lasted 00:02:21 (1542 turns).

Descartes the Grasshopper (Felid Warper)            Turns: 1542, Time: 00:02:22

Health: -4/16      AC:  1    Str:  8    XL:     3   Next: 19%
Magic:  7/7        EV: 18    Int: 14    God:
Gold:   40         SH:  0    Dex: 15    Spells: 2/6 levels left
                                        Lives:  0   Deaths: 0

rFire    . . .     SeeInvis +     - Unarmed
rCold    . . .     Gourm    .   (shield unavailable)
rNeg     . . .     Faith    .   (armour unavailable)
rPois    .         Spirit   .   (helmet unavailable)
rElec    .         Reflect  .   (cloak unavailable)
rCorr    .         Harm     .   (gloves unavailable)
MR       .....                  (boots unavailable)
Stlth    ++........             (no amulet)
HPRegen  0.05/turn              (no ring)
MPRegen  0.10/turn              (no ring)

@: lethally poisoned (-4 -> -9), quick
A: very small, no armour, no weapons or thrown items, stealth, claws 1, fangs 3,
see invisible, carnivore, speed 1, shaggy fur 1, slow metabolism 1, sharp paws
a: no special abilities


You were on level 1 of the Dungeon.
You were very full.

You visited 1 branch of the dungeon, and saw 2 of its levels.

You collected 40 gold pieces.

Inventory:

Scrolls
 a - 2 scrolls of remove curse {unknown}
 b - a scroll of blinking
 e - a scroll of identify {unknown}
 f - a scroll of teleportation {unknown}
Potions
 d - a potion of flight {unknown}
 g - a potion of berserk rage {unknown}
 i - 2 potions of lignification {unknown}
Comestibles
 c - 2 rations


   Skills:
 + Level 2.2 Fighting
 + Level 3.5 Dodging
 * Level 2.0 Stealth
 * Level 2.4 Unarmed Combat
 + Level 2.1 Spellcasting
 + Level 0.3 Charms
 + Level 4.4 Translocations


You had 2 spell levels left.
You knew the following spells:

 Your Spells              Type           Power        Failure   Level  Hunger
a - Blink                 Tloc           N/A          5%          2    ###....
b - Shroud of Golubria    Chrm/Tloc      #.....       13%         2    ###....

Your spell library contained the following spells:

 Spells                   Type           Power        Failure   Level  Hunger
 Gell's Gravitas          Tloc           ##........   11%         3    ###....
 Lesser Beckoning         Tloc           ##........   11%         3    ###....
 Teleport Other           Tloc           ##......     11%         3    ###....
 Passage of Golubria      Tloc           N/A          36%         4    #####..


Dungeon Overview and Level Annotations

Branches:
Dungeon (2/15)

Altars:


Innate Abilities, Weirdness & Mutations

You cannot wear armour.
You are incapable of wielding weapons or throwing items.
Your paws allow you to move quietly. (Stealth)
You have sharp claws.
You have razor-sharp teeth.
You have supernaturally acute eyesight. (SInv)
You are carnivorous and can eat meat at any time.
You cover ground quickly.
You are covered in fur. (AC +1)
You have a slow metabolism.
Your sharp claws are effective at attacking unaware monsters.


Message History

You are too injured to fight recklessly!
You are too injured to fight recklessly!
You scratch the worker ant but do no damage.
You feel sick. The worker ant completely misses you.
You claw the worker ant!
The worker ant is moderately wounded.
The worker ant misses you.
You feel sick.
You feel sick.
You feel sick.
* * * LOW HITPOINT WARNING * * *
You feel sick.
* * * LOW HITPOINT WARNING * * *
You feel sick.
There is a stone staircase leading up here.
The worker ant barely misses you.
You climb upwards.
There is a stone staircase leading down here.
The worker ant bites you!
You die...

######## #......#
###### #.####.#
########### .....#
#.#..#.#
#.........#
####.###.##.#.#
#.######.##
.###.#....#.#.# #.#
#.#
#......#......###a#
#.#
..........).....@>#
#.#
..)...........#####
#.# #......###.#..#
#.# ...........#..#
#.# .###.#........#
#.# .# #.#....##.##
#.# .# #.###.###.#
#.# .# #.# #.# #.#
#.# .###.# #.#
#.###########.#


You could see a worker ant.

Vanquished Creatures
  A dart slug (D:1)
  A ball python (D:1)
  2 giant cockroaches (D:1)
  3 goblins (D:1)
  5 hobgoblins
  4 jackals (D:1)
  2 bats (D:1)
  3 frilled lizards (D:1)
  4 kobolds (D:1)
  6 rats
31 creatures vanquished.

Notes
Turn   | Place    | Note
-------+----------+-------------------------------------------
     0 | D:1      | Descartes the Felid Warper began the quest for the Orb.
     0 | D:1      | Reached XP level 1. HP: 9/9 MP: 4/4
   136 | D:1      | Reached skill level 1 in Stealth
   304 | D:1      | Reached XP level 2. HP: 13/13 MP: 6/6
   581 | D:1      | Learned a level 2 spell: Blink
   584 | D:1      | Learned a level 2 spell: Shroud of Golubria
  1110 | D:1      | Reached XP level 3. HP: 16/16 MP: 7/7
  1542 | D:1      | Slain by a worker ant

Illustrated notes

Levels and vault maps discovered:
D:1:      ncdulo_lavacross, layout_basic, wad_floor_pattern_2
D:2:      layout_basic, kennysheep_nondescript, uniq_sigmund

Skill      XL: |  1  2 |
---------------+-------+-----
Stealth        | 1 2 |  2.0
Fighting       | |  2.2
Dodging        | |  3.5
Unarmed Combat | |  2.4
Spellcasting   | |  2.1
Charms         | |  0.3
Translocations | |  4.4

Action                   || total
-------------------------++-------
Melee: Unarmed           ||    87
       Bite              ||     5
 Stab: Sleeping          ||     2
  Eat: Chunk             ||     8
Armor: Skin              ||     4
Dodge: Dodged            ||    57
